 Dungeon Crawl Stone Soup version 0.28.0 (webtiles) character file.

Game seed: 773172354808199195

116 funkygono the Firebug (level 5, -11/28 HPs)
             Began as a Gargoyle Fire Elementalist on Feb 16, 2022.
             Mangled by a troll (16 damage)
             ... on level 6 of the Dungeon.
             The game lasted 00:03:38 (2865 turns).

funkygono the Firebug (Gargoyle Fire Elementalist)  Turns: 2865, Time: 00:03:38

Health: -11/28     AC:  7    Str: 12    XL:     5   Next: 1%
Magic:  1/9        EV: 12    Int: 17    God:
Gold:   74         SH:  0    Dex: 10    Spells: 1/10 levels left

rFire   . . .      SeeInvis .   i - +0 whip
rCold   . . .      Faith    .   (no shield)
rNeg    + . .      Spirit   .   a - +0 robe
rPois   ∞          Reflect  .   (no helmet)
rElec   +          Harm     .   (no cloak)
rCorr   .          Rampage  .   (no gloves)
Will    .....                   n - +0 pair of boots
Stlth   ++........              (no amulet)
HPRegen 0.09/turn               m - ring of wizardry
MPRegen 0.11/turn               (no ring)

@: no status effects
A: sickness immunity, AC +4, negative energy resistance 1, electricity
resistance, torment resistance 1, petrification resistance
a: no special abilities


You were on level 6 of the Dungeon.
You visited 1 branch of the dungeon, and saw 4 of its levels.

You collected 74 gold pieces.

Inventory:

Hand Weapons
 i - a +0 whip (weapon)
 l - the +1 dagger of Poverty {vorpal, rElec Str-4 Dex+2}
   (You took it off a kobold on level 2 of the Dungeon)

   It inflicts extra damage upon your enemies.
   Str:       It affects your strength (-4).
   Dex:       It affects your dexterity (+2).
   rElec:     It insulates you from electricity.
Missiles
 g - 74 stones
Armour
 a - a +0 robe (worn)
 e - a +0 ring mail
 n - a +0 pair of boots (worn)
Jewellery
 m - a ring of wizardry (left hand)
Scrolls
 b - a scroll of fog {unknown}
 d - a scroll of immolation {unknown}
 h - a scroll of silence {unknown}
 j - 2 scrolls of identify {unknown}
Potions
 c - a potion of brilliance {unknown}
 f - a potion of haste {unknown}
 k - 2 potions of degeneration {unknown}


   Skills:
 + Level 1.7 Dodging
 - Level 2.1 Stealth
 * Level 3.0 Spellcasting
 * Level 2.6 Conjurations
 * Level 4.1 Fire Magic


You had one spell level left.
You knew the following spells:

 Your Spells              Type           Power      Damage    Failure   Level
a - Foxfire               Conj/Fire      56%        2x1d6     1%          1
b - Scorch                Fire           32%        2d7       1%          2
c - Conjure Flame         Conj/Fire      14%        6-21      5%          3
d - Inner Flame           Hex/Fire       9%         N/A       9%          3

Your spell library contained the following spells:

 Spells                   Type           Power      Damage    Failure   Level
 Flame Wave               Conj/Fire      14%        2d6       16%         4


Dungeon Overview and Level Annotations

Branches:
Dungeon (3/15)

Altars:


Innate Abilities, Weirdness & Mutations

You are immune to sickness and miasma.
Your stone body is resilient. (AC +4)
You are immune to poison.
You resist negative energy. (rN+)
You are resistant to electric shocks. (rElec)
You are resistant to unholy torment.
You are immune to petrification.


Message History

The troll barely misses you. The troll misses you.
Unknown command.
Casting: Scorch (safe; 1% risk of failure)
Confirm with . or Enter, or press ? or * to list all spells.
You conjure some foxfire!
The troll closely misses you. The troll misses you. The troll claws you.
Your foxfire dissipates!
The foxfire hits the troll.
The troll is burned terribly!
The troll is heavily wounded.
The troll is no longer more vulnerable to fire.
Casting: Foxfire (safe; 1% risk of failure)
Confirm with . or Enter, or press ? or * to list all spells.
You conjure some foxfire!
The troll misses you. The troll barely misses you. The troll claws you.
Your foxfire dissipates!
The foxfire hits the troll.
The troll is heavily wounded.
Casting: Foxfire (safe; 1% risk of failure)
Confirm with . or Enter, or press ? or * to list all spells.
You conjure some foxfire!
The troll closely misses you. The troll claws you but does no damage.
The troll claws you.
Casting: Foxfire (safe; 1% risk of failure)
Confirm with . or Enter, or press ? or * to list all spells.
Flames lash the troll.
The troll is heavily wounded.
The troll's fire resistance burns away.
The foxfire hits the troll but does no damage.
The troll is heavily wounded.
The troll closely misses you. The troll claws you.
* * * LOW HITPOINT WARNING * * *
The troll claws you.
* * * LOW HITPOINT WARNING * * *
Casting: Scorch (safe; 1% risk of failure)
Confirm with . or Enter, or press ? or * to list all spells.
You don't have enough magic to cast this spell.
Unknown command.
Okay, then.
The troll bites you!
Ouch! That really hurt!
You die...

.#############
.............#####
########.........#
#.###.###.#
#.###.# #.#
#.##..# #.#
#.##.####.#
#......##.#
#..###.##@# #..
#..T.#
#####.###.####
..........#
######..### #<.#
#?.# #..# ...#


You could see a troll (combustible).

Vanquished Creatures
  A jelly (D:6)
  A howler monkey zombie (D:6)
  A white imp (D:6)
  A worm (D:2)
  5 dart slugs (D:1)
  2 ball pythons (D:1)
  7 endoplasms
  4 giant cockroaches
  5 hobgoblins (D:2)
  8 jackals
  8 kobolds
  2 quokkas (D:1)
  A frilled lizard (D:1)
  4 goblins
  4 rats
54 creatures vanquished.

Vanquished Creatures (others)
  172 foxfires
172 creatures vanquished.

Grand Total: 226 creatures vanquished

Notes
Turn   | Place    | Note
-------+----------+-------------------------------------------
     0 | D:1      | funkygono the Gargoyle Fire Elementalist began the quest
                  | for the Orb.
     0 | D:1      | Reached XP level 1. HP: 10/10 MP: 3/3
   227 | D:1      | Reached XP level 2. HP: 15/15 MP: 1/5
   230 | D:1      | Learned a level 2 spell: Scorch
   610 | D:1      | Reached XP level 3. HP: 19/19 MP: 1/6
   614 | D:1      | Learned a level 3 spell: Conjure Flame
  1573 | D:2      | Found a faded altar of an unknown god.
  1664 | D:2      | Reached XP level 4. HP: 24/24 MP: 4/7
  2152 | D:2      | Identified the +1 dagger of Poverty {vorpal, rElec Str-4
                  | Dex+2}
  2486 | D:3      | You fall into a shaft and drop 3 floors!
  2520 | D:6      | Reached skill level 4 in Fire Magic
  2765 | D:6      | Reached XP level 5. HP: 28/28 MP: 4/9
  2769 | D:6      | Learned a level 3 spell: Inner Flame
  2851 | D:6      | Noticed a troll
  2865 | D:6      | Mangled by a troll

Illustrated notes

Levels and vault maps discovered:
D:1:      psy_arrival_fountain, layout_basic
D:2:      layout_loops_ring, hellmonk_ecumenical_altar_arch_garden,
          grunt_ministairs_14, kennysheep_cross_room
D:3:      cheibrodos_greedy_goblins, layout_rooms, tgw_sif,
          amcnicky_mini_rare_corridor_liquid, uniq_terence
D:6:      layout_loops_ring, serial_shops, kennysheep_mini_moat

Skill      XL: |  1  2  3  4 |
---------------+-------------+-----
Conjurations   | 2 |  2.6
Fire Magic     | 4 |  4.1
Spellcasting   | 3 |  3.0
Dodging        | |  1.7
Stealth        | |  2.1

Action                   |  1- 3 |  4- 6 || total
-------------------------+-------+-------++-------
Melee: Unarmed           |     9 |       ||     9
       Club              |     1 |       ||     1
       Whip              |     2 |       ||     2
 Cast: Foxfire           |    71 |    30 ||   101
       Scorch            |     4 |     3 ||     7
Armor: Robe              |    17 |     1 ||    18
Dodge: Dodged            |    10 |     9 ||    19
